 Dungeon Crawl Stone Soup version 0.28.0-43-g3370ac3207 (webtiles) character file.

Game seed: 13871810751921739366

34 Th3D0c the Shield-Bearer (level 3, 0/33 HPs)
             Began as a Minotaur Fighter on Mar 26, 2022.
             Slain by Natasha (1 damage)
             ... on level 3 of the Dungeon.
             The game lasted 00:08:51 (475 turns).

Th3D0c the Shield-Bearer (Minotaur Fighter)          Turns: 475, Time: 00:08:52

Health: 0/33       AC:  7    Str: 22    XL:     3   Next: 14%
Magic:  2/2        EV:  9    Int:  5    God:
Gold:   62         SH:  4    Dex:  9    Spells: 2/2 levels left

rFire   . . .      SeeInvis .   a - +0 war axe
rCold   . . .      Faith    .   c - +0 buckler
rNeg    . . .      Spirit   .   b - +0 scale mail
rPois   .          Reflect  .   (helmet restricted)
rElec   .          Harm     .   (no cloak)
rCorr   .          Rampage  .   (no gloves)
Will    .....                   (no boots)
Stlth   ..........              (no amulet)
HPRegen 0.11/turn               (no ring)
MPRegen 0.08/turn               (no ring)

@: slowed, very slow
A: horns 2, retaliatory headbutt
a: no special abilities


You were on level 3 of the Dungeon.
You visited 1 branch of the dungeon, and saw 3 of its levels.

You collected 62 gold pieces.

Inventory:

Hand Weapons
 a - a +0 war axe (weapon)
Missiles
 g - 26 sling bullets
Armour
 b - a +0 scale mail (worn)
 c - a +0 buckler (worn)
 i - a +0 leather armour
Scrolls
 e - 3 scrolls of identify {unknown}
 h - a scroll of torment {unknown}
 j - a scroll of immolation {unknown}
 k - 3 scrolls of blinking {unknown}
 l - a scroll of teleportation {unknown}
Potions
 d - a potion of might
 f - a potion of mutation {unknown}


   Skills:
 + Level 4.0 Fighting
 + Level 3.1 Axes
 + Level 4.0 Armour
 + Level 4.1 Shields


You had 2 spell levels left.
You didn't know any spells.
Your spell library was empty.

Dungeon Overview and Level Annotations

Branches:
Dungeon (3/15)

Altars:

Shops:
D:2 *:((*   D:3 [

Annotations:
D:3 Natasha


Innate Abilities, Weirdness & Mutations

You have a pair of horns on your head.
You reflexively headbutt those who attack you in melee.


Message History

You closely miss the crimson imp. You barely miss Natasha.
You block the crimson imp's attack. Natasha claws you but does no damage.
The crimson imp hits you.
You slash the crimson imp!
You kill the crimson imp!
The crimson imp disappears in a puff of smoke!
You hit Natasha but do no damage. Natasha claws you but does no damage.
Natasha stares at you and mumbles some strange words.
You feel yourself slow down.
You hit Natasha. You headbutt Natasha.
Natasha is heavily wounded.
Natasha barely misses you. Natasha claws you.
You hit Natasha. Your headbutt misses Natasha.
Natasha is severely wounded.
Natasha wildly gestures.
You feel disoriented. Natasha claws you! Natasha misses you.
You furiously retaliate!
You headbutt Natasha, but do no damage. You barely miss Natasha.
Natasha is severely wounded.
Natasha claws you. Natasha completely misses you. You furiously retaliate!
You headbutt Natasha. You completely miss Natasha.
Natasha is severely wounded.
Natasha claws you.
* * * LOW HITPOINT WARNING * * *
Natasha barely misses you.
You miss Natasha. Your headbutt misses Natasha.
Natasha is severely wounded.
Natasha casts a spell.
You block Natasha's attack.
You closely miss Natasha.
Natasha is severely wounded.
Natasha casts a spell at you. You resist with significant effort.
Natasha claws you.
* * * LOW HITPOINT WARNING * * *
The white imp gestures at you. The puff of frost misses you. Natasha claws you.
You die...

#......#
#..≈ #.
#(######
#.≈≈ #.
#.# #.≈≈
..#.#
#.≈≈
#.#.#
###.≈≈
#.#.#
#...≈#
#...#
#....#
##5h#
#.....
#.@#
#.....
#..#
#.....
#.>#
##....
##.#
#....
#.#
#....
#.#
#....
#.#
#....
###
#∩### #.


You could see Natasha and a white imp (summoned).

Vanquished Creatures
  An adder (D:2)
  A dart slug (D:1)
  5 ball pythons
  A bat (D:1)
  2 endoplasms (D:1)
  A giant cockroach (D:1)
  2 goblins (D:1)
  2 hobgoblins
  A quokka (D:3)
  2 frilled lizards (D:1)
  2 kobolds (D:1)
  2 rats
22 creatures vanquished.

Notes
Turn   | Place    | Note
-------+----------+-------------------------------------------
     0 | D:1      | Th3D0c the Minotaur Fighter began the quest for the Orb.
     0 | D:1      | Reached XP level 1. HP: 19/19 MP: 0/0
    87 | D:1      | Reached XP level 2. HP: 22/27 MP: 1/1
   191 | D:2      | Reached XP level 3. HP: 22/33 MP: 2/2
   193 | D:2      | Found Ceufaub's Assorted Antiques.
   200 | D:2      | Found Antiec's Weapon Shoppe.
   209 | D:2      | Found Okiabix's Weapon Shoppe.
   311 | D:2      | Found Qecus's Book Boutique.
   316 | D:2      | Found Tugow's General Store.
   357 | D:3      | Found Dyovo's Armour Shop.
   461 | D:3      | Noticed Natasha
   474 | D:3      | HP: 1/33 [Natasha (3)]
   475 | D:3      | Slain by Natasha

Illustrated notes

Levels and vault maps discovered:
D:1:      dpeg_arrival_oval, layout_rooms
D:2:      layout_rooms, serial_shops, shop_statue, nicolae_shop_statue_plus,
          nicolae_shop_bloodbath_and_beyond, shop, nicolae_shop_window_shopping
D:3:      layout_basic, ebering_ecumenical_altar_hall, serial_shops, shop,
          ebering_dispersal_statue_hall, minmay_misc_feat_rows,
          grunt_decor_junction, uniq_grinder, uniq_natasha

Skill      XL: |  1  2 |
---------------+-------+-----
Fighting       | 4 |  4.0
Shields        | 4 |  4.1
Axes           | 3 |  3.1
Armour         | 4 |  4.0

Action                   || total
-------------------------++-------
Melee: War axe           ||    50
       Headbutt          ||     7
Armor: Scale mail        ||    20
Dodge: Dodged            ||    26
Block: Buckler           ||     9
